 Dungeon Crawl Stone Soup version 0.30.1-10-g1249ef9ec4 (webtiles) character file.

Game seed: 4645008978031517994

4240 H0rd4k the Martial Artist (level 10, 0/63 HPs)
             Began as an Octopode Artificer on Oct 26, 2023.
             Was an Initiate of Gozag.
             Slain by a two-headed ogre
             ... wielding a +0 giant club
              (13 damage)
             ... on level 11 of the Dungeon.
             The game lasted 00:21:17 (11825 turns).

H0rd4k the Martial Artist (Octopode Artificer)     Turns: 11825, Time: 00:21:17

Health: 0/63       AC:  1    Str: 18    XL:     10   Next: 30%
Magic:  0/16       EV: 15    Int: 27    God:    Gozag
Gold:   1668       SH:  0    Dex: 13    Spells: 10/17 levels left

rFire   + .          .
                       - Unarmed
rCold   + + .        (no shield)
rNeg    . . .        (helmet restricted)
rPois   .            J - amulet of guardian spirit
rElec   .            j - +6 ring of intelligence
rCorr   .            k - +6 ring of strength
SInv    .            h - ring of Gimniff {rF+ rC++ Int+4}
Will    .....        (no ring)
Stlth   +++          (no ring)
HPRegen 0.30/turn    (no ring)
MPRegen 0.15/turn    (no ring)
                     (no ring)

%: guardian spirit
@: gold aura
A: almost no armour, amphibious, 8 rings, camouflage 1, gelatinous body 1,
(nimble swimmer 1), tentacles
a: Renounce Religion, Potion Petition, Call Merchant, Bribe Branch


You were on level 11 of the Dungeon.
You worshipped Gozag.
Gozag was most pleased with you.
You visited 1 branch of the dungeon, and saw 11 of its levels.
You also visited: Ossuary and Bailey.

You collected 1701 gold pieces.
You paid 33 gold pieces to Gozag.

Inventory:

Hand Weapons
 n - a +1 dagger of holy wrath
 q - a +2 dagger of draining
 H - a +4 long sword
Missiles
 c - a throwing net
 D - 8 poisoned darts (quivered)
Magical Staves
 d - a staff of earth
 B - a staff of conjuration
Jewellery
 b - an amulet of the acrobat
 h - the ring of Gimniff (on tentacle) {rF+ rC++ Int+4}
   (You found it on level 2 of the Dungeon)

   [ring of protection from fire]

   Int:       It affects your intelligence (+4).
   rF:        It protects you from fire.
   rC:        It greatly protects you from cold.
 j - a +6 ring of intelligence (left tentacle)
 k - a +6 ring of strength (right tentacle)
 J - an amulet of guardian spirit (around mantle)
Wands
 E - a wand of mindburst (5)
Scrolls
 e - 5 scrolls of fog
 m - 3 scrolls of immolation
 p - 2 scrolls of amnesia
 s - 3 scrolls of fear
 w - a scroll of brand weapon
 y - 4 scrolls of silence
 C - 7 scrolls of teleportation
 F - a scroll of poison
 I - a scroll of torment
 K - 2 scrolls of identify
 M - a scroll of enchant weapon {unknown}
Potions
 a - 6 potions of haste {unknown}
 f - 4 potions of berserk rage
 g - 4 potions of magic {unknown}
 i - 2 potions of cancellation
 l - 2 potions of brilliance {unknown}
 o - 2 potions of degeneration
 r - 9 potions of curing
 t - 3 potions of heal wounds
 u - 6 potions of mutation {unknown}
 v - 2 potions of lignification
 x - 3 potions of attraction {unknown}
 z - 5 potions of might {unknown}
 A - 4 potions of ambrosia {unknown}
 G - 3 potions of resistance {unknown}
 L - a potion of invisibility {unknown}


   Skills:
 - Level 4.0 Fighting
 - Level 1.6 Throwing
 - Level 5.9 Dodging
 - Level 1.3 Stealth
 - Level 9.8 Unarmed Combat
 * Level 4.2 Spellcasting
 + Level 1.7 Hexes
 + Level 2.8 Summonings
 + Level 0.2 Air Magic
 - Level 6.9 Evocations


You had 10 spell levels left.
You knew the following spells:

 Your Spells              Type           Power      Damage    Failure   Level
a - Cause Fear            Hex            7%         N/A       36%         4
b - Summon Guardian Gole  Hex/Summ       18%        N/A       9%          3

Your spell library contained the following spells:

 Spells                   Type           Power      Damage    Failure   Level
 Summon Small Mammal      Summ           80%        N/A       2%          1
 Magic Dart               Conj           20%        1d4       8%          1
 Call Canine Familiar     Summ           20%        N/A       8%          3
 Searing Ray              Conj           10%        2d4       12%         2
 Anguish                  Hex/Necr       5%         N/A       47%         4
 Fulminant Prism          Conj/Hex       5%         3d7       47%         4
 Blade Hands              Tmut           2%         N/A       91%         5
 Iron Shot                Conj/Erth      2%         9d2       100%        6
 Enfeeble                 Hex            7%         N/A       100%        7
 Orb of Destruction       Conj           2%         9d5       100%        7
 Spellforged Servitor     Conj/Summ      6%         N/A       100%        7
 Animate Armour           Summ/Erth      Unusable   N/A       N/A         4

Dungeon Overview and Level Annotations

Branches:
Dungeon (11/15)            Temple (0/1) D:6         Ossuary (visited)
 Bailey (visited)
   Lair: D:8-11         Orc: D:9-12

Altars:
Ashenzari
Cheibriados
Dithmenos
Fedhas
Gozag
Hepliaklqana
Kikubaaqudgha
Qazlal
Sif Muna
Uskayaw
Xom
Yredelemnul
Zin
The Shining One

Shops:
D:6 *

Annotations:
D:6 exclusion: acid dragon
D:7 2 transporters, exclusion: ice beast, VerbalBBQ's ghost, novice FoFi
D:8 exclusions: downstairs and killer bee
D:10 exclusion: hornet
D:11 exclusion: two-headed ogre


Innate Abilities, Weirdness & Mutations

You cannot wear most types of armour.
You are amphibious.
You can wear up to eight rings at the same time.
Your skin changes colour to match your surroundings (Stealth+).
Your rubbery body absorbs attacks. (AC +1, EV +1)
((You are camouflaged when in or above water. (Stealth+)))
You have tentacles for arms and can constrict up to eight enemies at once.


Message History

You throw a poisoned dart.
The poisoned dart barely misses the ogre.
You throw a poisoned dart.
The poisoned dart barely misses the ogre.
The two-headed ogre shouts in stereo!
You hear a shout!
You throw a poisoned dart. The poisoned dart hits the ogre.
The ogre is poisoned.
The ogre is moderately wounded.
You barely miss the ogre. You squeeze the ogre!
The ogre is heavily wounded.
The ogre completely misses you.
You bludgeon the ogre!
The ogre is almost dead.
You bludgeon the ogre!
You kill the ogre!
Things that are here:
15 gold pieces; a +0 giant spiked club You throw a poisoned dart.
The poisoned dart hits the two-headed ogre.
The two-headed ogre is poisoned.
Aiming: Mindburst
Press: ? - help, Shift-Dir - straight line, f/p - two-headed ogre
Aim: a two-headed ogre, wielding a +0 giant club and a +0 giant spiked club (poisoned, chance to affect: 73%)
The two-headed ogre struggles to resist.
The two-headed ogre misses you.
The two-headed ogre hits you with a +0 giant spiked club!!
Aiming: Mindburst
Press: ? - help, Shift-Dir - straight line, f/p - two-headed ogre
Aim: a two-headed ogre, wielding a +0 giant club and a +0 giant spiked club (lightly wounded, poisoned, chance to affect: 73%)
The two-headed ogre struggles to resist.
Unknown command.
Aiming: Mindburst
Press: ? - help, Shift-Dir - straight line, f/p - two-headed ogre
Aim: a two-headed ogre, wielding a +0 giant club and a +0 giant spiked club (lightly wounded, poisoned, chance to affect: 73%)
The two-headed ogre's minds are blasted!!
The two-headed ogre hits you with a +0 giant club!!!
* * * LOW HITPOINT WARNING * * *
The two-headed ogre hits you with a +0 giant spiked club!
You die...
Your body crumbles into a pile of gold.

$ #### .... ..... .....
##### ...... ##...##
###...... ##.....##
####........
#.......####.(..#......
#.........(@O#### ...##
#........###########.#
##...(.............O .O
#...^...############ O
#.......# #.......#
##.....#####
##........##
###.......#


You could see a two-headed ogre (poisoned).

Vanquished Creatures
  Pikel (D:5)
  2 wyverns (D:10)
  Menkaure (D:4)
  An acid dragon (D:9)
  3 water moccasins
  An orc warrior (Bailey)
  2 black bears
  2 ogres
  A centaur (D:8)
  A phantom (D:8)
  An elf zombie (D:4)
  A kobold brigand (D:10)
  Blork the orc (D:5)
  2 bullfrogs (D:8)
  A gnoll sergeant (D:8)
  3 elf skeletons (D:4)
  5 wights (D:8)
  5 killer bees
  2 electric eels (D:6)
  A jelly (D:6)
  A gnoll bouda (D:8)
  3 hounds
  3 orc priests
  Terence (D:2)
  2 sleepcaps
  3 iguanas
  6 orc wizards
  6 mummies (Ossuary)
  Robin (D:2)
  17 gnolls
  8 adders
  A worm (D:2)
  2 dart slugs
  29 orcs
  6 endoplasms
  2 giant cockroaches
  2 gnoll zombies (Ossuary)
  13 goblins
  3 hobgoblins (D:2)
  10 jackals (D:1)
  4 quokkas
  8 ball pythons
  2 bats
  2 frilled lizards
  2 hobgoblin zombies (Ossuary)
  12 kobolds
  6 orc zombies
  5 rats
197 creatures vanquished.

Vanquished Creatures (collateral kills)
  A scorpion (D:5)
  A gnoll bouda (D:4)
  A mummy (Ossuary)
  4 gnolls
  A goblin (D:2)
8 creatures vanquished.

Vanquished Creatures (others)
  A shadow (D:8)
  An orc warrior (D:8)
  A wight (D:8)
  A mummy (Ossuary)
  A gnoll (D:4)
  4 orcs (Bailey)
  An endoplasm (D:2)
  A goblin (D:2)
11 creatures vanquished.

Grand Total: 216 creatures vanquished

Notes
Turn   | Place    | Note
-------+----------+-------------------------------------------
     0 | D:1      | H0rd4k the Octopode Artificer began the quest for the Orb.
     0 | D:1      | Reached XP level 1. HP: 13/13 MP: 1/1
   101 | D:1      | Reached XP level 2. HP: 18/18 MP: 2/2
   487 | D:1      | Reached XP level 3. HP: 15/23 MP: 3/3
   920 | D:1      | Found a faded altar of an unknown god.
  1171 | D:2      | Identified the ring of Gimniff {rF+ rC++ Int+4}
  1220 | D:2      | Noticed Robin
  1241 | D:2      | Killed Robin
  1335 | D:2      | Reached skill level 1 in Unarmed Combat
  1395 | D:2      | Reached XP level 4. HP: 25/28 MP: 4/4
  1956 | D:2      | Noticed Terence
  1962 | D:2      | Killed Terence
  1963 | D:2      | Reached skill level 2 in Unarmed Combat
  1963 | D:2      | Reached XP level 5. HP: 33/33 MP: 5/5
  2190 | D:3      | Found a broken altar of Ashenzari.
  2398 | D:3      | Found an opulent altar of Gozag.
  2412 | D:3      | Became a worshipper of Gozag Ym Sagoz the Greedy
  2465 | D:4      | Noticed Menkaure
  2469 | D:4      | Killed Menkaure
  2470 | D:4      | Reached skill level 3 in Unarmed Combat
  2470 | D:4      | Reached XP level 6. HP: 35/39 MP: 6/6
  2631 | D:4      | Reached skill level 4 in Unarmed Combat
  2631 | D:4      | Reached XP level 7. HP: 18/45 MP: 7/7
  2654 | D:4      | Reached skill level 5 in Evocations
  2785 | D:4      | Found a sand-covered staircase.
  2793 | Ossuary  | Entered an ossuary
  2874 | Ossuary  | Reached skill level 5 in Unarmed Combat
  3373 | D:4      | Found a snail-covered altar of Cheibriados.
  3645 | D:5      | Entered Level 5 of the Dungeon
  3692 | D:5      | Noticed Blork the orc
  3696 | D:5      | Killed Blork the orc
  3697 | D:5      | Reached XP level 8. HP: 47/52 MP: 8/8
  3703 | D:5      | Reached skill level 6 in Unarmed Combat
  4046 | D:5      | Noticed Pikel
  4095 | D:5      | Killed Pikel
  4096 | D:5      | Reached skill level 5 in Dodging
  4096 | D:5      | Reached skill level 7 in Unarmed Combat
  4360 | D:6      | Found a hazy altar of Hepliaklqana.
  4361 | D:6      | Found a shimmering altar of Xom.
  4362 | D:6      | Noticed a spectral ugly thing
  4443 | D:6      | Found Putsylo's Assorted Antiques.
  4475 | D:6      | Reached skill level 8 in Unarmed Combat
  4701 | D:6      | Reached XP level 9. HP: 47/57 MP: 9/9
  4744 | D:6      | Identified the +2 robe "Qunudok" {+Inv Str+2 Int+3}
  4788 | D:6      | Found an ancient bone altar of Kikubaaqudgha.
  4789 | D:6      | Found a blossoming altar of Fedhas.
  5039 | D:6      | Found a staircase to the Ecumenical Temple.
  5610 | D:6      | Learned a level 4 spell: Cause Fear
  6348 | D:8      | Reached skill level 1 in Hexes
  6548 | D:8      | Found a glowing silver altar of Zin.
  6677 | D:8      | Found a shadowy altar of Dithmenos.
  6698 | D:8      | Reached skill level 1 in Spellcasting
  6902 | D:8      | Found a shimmering blue altar of Sif Muna.
  6913 | D:8      | Learned a level 3 spell: Summon Guardian Golem
  6984 | D:8      | Reached skill level 9 in Unarmed Combat
  7031 | D:8      | Reached skill level 1 in Summonings
  7238 | D:8      | Reached skill level 1 in Throwing
  7751 | D:7      | Found a transporter.
  7766 | D:7      | Noticed VerbalBBQ's ghost (novice FoFi)
  7780 | D:7      | Found a transporter.
  7989 | D:7      | Identified the +4 robe of Watchfulness {Rampage rN+}
  8052 | D:7      | Found a basalt altar of Yredelemnul.
  8052 | D:7      | Found a stormy altar of Qazlal.
  8549 | D:8      | Reached XP level 10. HP: 38/60 MP: 4/13
  9046 | D:9      | Found a flagged portal.
  9062 | Bailey   | Entered a bailey
 10314 | D:10     | Entered Level 10 of the Dungeon
 10420 | D:10     | Found a hide-covered altar of Uskayaw.
 10761 | D:10     | Found a glowing golden altar of the Shining One.
 11787 | D:11     | Noticed a two-headed ogre
 11825 | D:11     | Slain by a two-headed ogre

Illustrated notes

Levels and vault maps discovered:
D:1:      lightli_arrival_quake, layout_basic, shapermc_ecumenical_altar_petra
D:2:      layout_basic, dreamdust_princess_corridor, uniq_terence, uniq_robin
D:3:      layout_basic, mainiacjoe_overflow_concentric_impassable,
          nicolae_ashenzari_panopticon, tgw_trog, goddamned_bats
D:4:      layout_rooms, marbit_many_paths, nicolae_ossuary_entry_catacombs,
          serial_park_tiny_pond, minivault_11, ebering_dispersal_statue_hall,
          kennysheep_path_1, minmay_misc_feat_roman, uniq_menkaure
D:5:      layout_basic, roderic_roman_lattice, chequers_serial_rivers_large_a,
          minivault_25, uniq_pikel, uniq_blork_the_orc
D:6:      layout_basic, grunt_temple_overflow_growth_and_decay,
          regret_index_temple_of_mockery, minmay_temple_entry_junction_2,
          serial_shops, nicolae_shop_window_shopping, water_maze_lemuel
D:7:      layout_cave_pods, gammafunk_temple_overflow_statue,
          gammafunk_ghost_stat_death
D:8:      hangedman_cross_stitches, layout_loops_ring, grunt_dithmenos_shadows,
          mainiacjoe_overflow_catwalk, mainiacjoe_overflow_six_doors_small
D:9:      layout_stronghold, enter_bailey_6
D:10:     layout_stronghold, nicolae_tso_swordbearing_angel,
          mainiacjoe_overflow_tiny_flanked, serial_bayou_pond_c
D:11:     layout_rooms, lair_entry_dummy, uniq_lodul

Skill      XL: |  1  2  3  4  5  6  7  8  9 10 |
---------------+-------------------------------+-----
Evocations     | 4 5 6 |  6.9
Dodging        | 3 4 5 |  5.9
Unarmed Combat | 1 2 3 4 5 8 9 |  9.8
Fighting       | 2 3 4 |  4.0
Hexes          | 1 |  1.7
Spellcasting   | 2 4 |  4.2
Summonings     | 2 |  2.8
Throwing       | 1 |  1.6
Stealth        | |  1.3
Air Magic      | |  0.2

Action                     |  1- 3 |  4- 6 |  7- 9 | 10-12 || total
---------------------------+-------+-------+-------+-------++-------
  Melee: Unarmed           |    88 |    88 |   257 |    82 ||   515
         Constrict         |    23 |    26 |    60 |    14 ||   123
         Tentacles         |    23 |    27 |    66 |    16 ||   132
         Punch             |     2 |     4 |    14 |     8 ||    28
  Throw: Dart              |       |       |    18 |    12 ||    30
   Cast: Summon Guardian G |       |       |       |     5 ||     5
  Evoke: Wand              |     4 |    11 |    33 |     8 ||    56
    Use: Scroll            |       |       |    14 |     1 ||    15
         Potion            |       |       |     1 |       ||     1
   Stab: Sleeping          |     7 |     4 |    12 |     4 ||    27
         Distracted        |       |       |     1 |       ||     1
 Armour: Skin              |     6 |     6 |     5 |     1 ||    18
  Dodge: Dodged            |    61 |    55 |   148 |    55 ||   319
